 Dungeon Crawl Stone Soup version 0.32-a0-40-g2adb59ae06 (webtiles) character file.

Game seed: 7349304190434607049

2566 CowFu the Grappler (level 9, -3/75 HPs)
             Began as a Ghoul Monk on Jan 24, 2024.
             Was an Elder of Kikubaaqudgha.
             Slain by a killer bee (8 damage)
             ... on level 7 of the Dungeon.
             The game lasted 00:14:12 (7258 turns).

CowFu the Grappler (Ghoul Monk)                     Turns: 7258, Time: 00:14:12

Health: -3/75      AC:  6    Str: 19    XL:     9   Next: 57%
Magic:  18/18      EV: 13    Int:  9    God:    Kikubaaqudgha [****..]
Gold:   463        SH:  0    Dex: 11    Spells: 5/8 levels left

rFire   . .          .
                       - Unarmed
rCold   + + .        c - orb {light}
rNeg    + + +        s - +2 leather armour {rC+}
rPois   ∞            (no helmet)
rElec   .            m - +0 cloak
rCorr   .            (no gloves)
SInv    .            (no boots)
Will    .....        (no amulet)
Stlth   +            j - ring of flight
HPRegen 0.00/turn    x - ring of magical power
MPRegen 0.16/turn

%: no passive effects
@: flying, inhibited regen, glowing
A: claws 1, cold resistance 1, negative energy resistance 3, inhibited
regeneration, torment resistance 2, devour on kill
a: Renounce Religion, Unearth Wretches


You were on level 7 of the Dungeon.
You worshipped Kikubaaqudgha.
Kikubaaqudgha was greatly pleased with you.
You visited 1 branch of the dungeon, and saw 7 of its levels.

You collected 463 gold pieces.

Inventory:

Missiles
 y - 2 throwing nets
Armour
 c - an orb of light (worn)
 m - a +0 cloak (worn)
 s - a +2 leather armour of cold resistance (worn)
Jewellery
 j - a ring of flight (left claw)
 x - a ring of magical power (right claw)
 B - a ring of protection from cold
Wands
 a - a wand of roots (7)
 t - a wand of digging (7)
Scrolls
 f - a scroll of torment {unknown}
 g - 3 scrolls of teleportation {unknown}
 i - a scroll of brand weapon {unknown}
 k - a scroll of enchant weapon {unknown}
 l - a scroll of amnesia {unknown}
 n - a scroll of blinking {unknown}
 o - a scroll of identify
 p - 2 scrolls of fog {unknown}
 v - a scroll of revelation {unknown}
Potions
 b - a potion of ambrosia
 d - a potion of invisibility
 e - a potion of curing
 h - a potion of berserk rage
 q - a potion of might
 r - a potion of brilliance
 u - 3 potions of lignification
 z - a potion of cancellation
 A - 2 potions of degeneration {unknown}
 C - 3 potions of mutation {unknown}
Miscellaneous
 w - a phial of floods


   Skills:
 + Level 5.8 Fighting
 + Level 5.4 Armour
 + Level 5.4 Dodging
 + Level 9.1 Unarmed Combat
 - Level 4.0 Necromancy


You had 5 spell levels left.
You knew the following spells:

 Your Spells              Type           Power      Damage    Failure   Level
a - Necrotise             Necr           28%        1d5       9%          1
b - Cigotuvi's Dreadful   Necr/Alch/Air  4%         N/A       38%         2

Your spell library contained the following spells:

 Spells                   Type           Power      Damage    Failure   Level
 Fugue of the Fallen      Necr           7%         N/A       26%         3
 Vampiric Draining        Necr           7%         2d6       26%         3
 Apportation              Tloc           0%         N/A       43%         1
 Magic Dart               Conj           0%         1d3       43%         1
 Sandblast                Erth           0%         2d4       43%         1
 Blink                    Tloc           0%         N/A       56%         2
 Call Imp                 Summ           0%         N/A       56%         2
 Jinxbite                 Hex            0%         N/A       56%         2
 Searing Ray              Conj           0%         2d4       56%         2
 Dispel Undead            Necr           7%         3d8       65%         4
 Ozocubu's Armour         Ice            0%         N/A       80%         3
 Passwall                 Erth           0%         N/A       80%         3
 Stone Arrow              Conj/Erth      0%         3d7       80%         3
 Tukima's Dance           Hex            0%         N/A       80%         3
 Martyr's Knell           Necr/Summ      3%         N/A       90%         4
 Brom's Barrelling Bould  Conj/Erth      0%         2d3       99%         4
 Fulminant Prism          Conj/Alch      0%         3d5       99%         4
 Passage of Golubria      Tloc           0%         N/A       99%         4
 Borgnjor's Vile Clutch   Necr/Erth      1%         N/A       99%         5
 Alistair's Intoxication  Alch           0%         N/A       100%        5
 Metabolic Englaciation   Hex/Ice        0%         N/A       100%        5
 Yara's Violent Unravell  Hex/Alch       0%         3d3       100%        5
 Death Channel            Necr           3%         N/A       100%        6
 Sculpt Simulacrum        Ice/Alch       0%         N/A       100%        6
 Enfeeble                 Hex            0%         N/A       100%        7
 Malign Gateway           Summ/Tloc      0%         N/A       100%        7
 Summon Horrible Things   Summ           0%         N/A       100%        8


Dungeon Overview and Level Annotations

Branches:
Dungeon (7/15)             Temple (0/1) D:5

Altars:
Gozag
Kikubaaqudgha
Xom


Innate Abilities, Weirdness & Mutations

You are immune to poison.
You have sharp fingernails.
Your flesh is cold resistant. (rC+)
You are immune to negative energy. (rN+++)
You do not regenerate when monsters are visible.
You are immune to unholy pain and torment.
You thrive by killing the living.


Message History

You barely miss the killer bee.
The killer bee is severely wounded.
The killer bee stings you.
The killer bee stings you but does no damage.
A killer bee comes into view.
You scratch the killer bee but do no damage.
The killer bee is severely wounded.
The killer bee barely misses you.
The killer bee stings you but does no damage.
The killer bee misses you. The killer bee stings you.
You miss the killer bee.
The killer bee is severely wounded.
The killer bee stings you! The killer bee stings you.
The killer bee barely misses you. The killer bee misses you.
The killer bee stings you!
You scratch the killer bee but do no damage.
The killer bee stings you.
The killer bee stings you but does no damage.
The killer bee stings you.
The killer bee stings you but does no damage.
The killer bee closely misses you.
The killer bee attacks as it pursues you!
The killer bee stings you. The killer bee barely misses you.
The killer bee stings you.
* * * LOW HITPOINT WARNING * * *
The killer bee misses you.
The killer bee stings you but does no damage.
The killer bee misses you. The killer bee barely misses you.
Found a scroll labelled NOSUBE DAEGH.
The killer bee stings you.
* * * LOW HITPOINT WARNING * * *
The killer bee stings you!
* * * LOW HITPOINT WARNING * * *
The killer bee attacks as it pursues you!
The killer bee barely misses you. The killer bee misses you.
The killer bee stings you but does no damage.
You feel better. The killer bee stings you!
* * * LOW HITPOINT WARNING * * *
The killer bee stings you!
You die...
Kikubaaqudgha rasps: "You have failed me!
Welcome... oblivion!"

.###. .....# ......
.....) #### ### .#
...... # ...
..###.#.....
#.####.# ###.#...#.
# .?.<.#.##......#..
#..yy@.##.#...
###.#####.##.# #
####y......##.#### #
#..................#
#
###.......#####.##(#
# #.....).#
#.##.######
#.......#
##.##.##....
#.......#
#...........
#.......#
#..##.##....


You could see 2 killer bees.

Vanquished Creatures
  A komodo dragon (D:6)
  An unseen horror (D:7)
  2 water moccasins (D:6)
  Duvessa (D:5)
  2 orc warriors
  2 black bears
  An ice beast (D:6)
  A phantom (D:6)
  Blork the orc (D:5)
  A bullfrog (D:7)
  2 kobold brigands (D:7)
  5 scorpions
  Dowan (D:5)
  A killer bee (D:7)
  A bombardier beetle (D:4)
  4 hounds
  A jelly (D:4)
  2 iguanas
  3 orc wizards
  Robin (D:3)
  5 adders
  8 gnolls
  A shadow imp (D:5)
  A white imp (D:6)
  3 dart slugs
  A ribbon worm (D:3)
  12 orcs
  10 endoplasms
  7 hobgoblins
  2 jackals (D:4)
  11 kobolds
  6 quokkas
  7 ball pythons
  5 bats
  2 frilled lizards
  12 goblins
  3 rats
130 creatures vanquished.

Notes
Turn   | Place    | Note
-------+----------+-------------------------------------------
     0 | D:1      | CowFu the Ghoul Monk began the quest for the Orb.
     0 | D:1      | Reached XP level 1. HP: 19/19 MP: 1/1
    27 | D:1      | Found a faded altar of an unknown god.
    44 | D:1      | Prayed at the altar of an unknown god.
    44 | D:1      | Became a worshipper of Kikubaaqudgha
    44 | D:1      | Reached * piety under Kikubaaqudgha
    44 | D:1      | Received a gift from Kikubaaqudgha
    44 | D:1      | Reached ** piety under Kikubaaqudgha
   111 | D:1      | Reached *** piety under Kikubaaqudgha
   111 | D:1      | Received a gift from Kikubaaqudgha
   135 | D:1      | Reached XP level 2. HP: 23/26 MP: 2/2
   345 | D:1      | Reached skill level 1 in Necromancy
   910 | D:1      | Learned a level 1 spell: Necrotise
  1055 | D:2      | Reached skill level 4 in Unarmed Combat
  1064 | D:2      | Reached XP level 3. HP: 12/31 MP: 0/3
  1916 | D:3      | Reached XP level 4. HP: 38/38 MP: 2/4
  1919 | D:3      | Learned a level 2 spell: Cigotuvi's Dreadful Rot
  2525 | D:3      | Noticed Robin
  2536 | D:3      | Killed Robin
  3079 | D:4      | Reached **** piety under Kikubaaqudgha
  3080 | D:4      | Reached XP level 5. HP: 41/45 MP: 2/5
  3205 | D:4      | Reached skill level 5 in Unarmed Combat
  3335 | D:4      | Reached skill level 1 in Armour
  3335 | D:4      | Reached XP level 6. HP: 50/52 MP: 6/6
  3935 | D:5      | Entered Level 5 of the Dungeon
  4255 | D:5      | Found a staircase to the Ecumenical Temple.
  4270 | D:5      | Reached XP level 7. HP: 59/59 MP: 7/7
  4443 | D:5      | Noticed Blork the orc
  4456 | D:5      | Killed Blork the orc
  4623 | D:5      | Found an opulent altar of Gozag.
  4763 | D:5      | Noticed Duvessa
  4763 | D:5      | Noticed Dowan
  4773 | D:5      | Killed Duvessa
  4774 | D:5      | Reached skill level 6 in Unarmed Combat
  4786 | D:5      | Killed Dowan
  5236 | D:6      | Reached XP level 8. HP: 62/66 MP: 8/8
  5297 | D:6      | Reached skill level 7 in Unarmed Combat
  5589 | D:6      | Found a shimmering altar of Xom.
  5662 | D:6      | Noticed a komodo dragon
  5675 | D:6      | Killed a komodo dragon
  5676 | D:6      | Reached skill level 8 in Unarmed Combat
  6164 | D:6      | Reached XP level 9. HP: 73/73 MP: 9/9
  6239 | D:6      | Reached skill level 5 in Fighting
  6368 | D:6      | Identified the +2 dagger "Trog's Scorn" {flame, rC+ rN+
                  | Stlth+}
  6643 | D:7      | Noticed an unseen horror
  6652 | D:7      | Killed an unseen horror
  6653 | D:7      | Reached skill level 5 in Armour
  6653 | D:7      | Reached skill level 5 in Dodging
  7025 | D:7      | Reached skill level 9 in Unarmed Combat
  7258 | D:7      | Slain by a killer bee

Illustrated notes

Levels and vault maps discovered:
D:1:      saegor_arrival_simple_e, layout_basic,
          shapermc_ecumenical_altar_ellora, chequers_serial_rivers_micro_d
D:2:      layout_basic, minmay_pentomino_p2
D:3:      layout_loops_corners, kennysheep_small_spiral, uniq_robin
D:4:      layout_cave_pods
D:5:      layout_loops_ring, nicolae_gozag_cash_rules_everything_around_me,
          minmay_temple_entry_tees, eino_tiny_chamber, uniq_blork_the_orc,
          uniq_duvessa
D:6:      layout_loops_ring, lemuel_round_altar
D:7:      layout_loops_cross

Skill      XL: |  1  2  3  4  5  6  7  8  9 |
---------------+----------------------------+-----
Necromancy     | 1 2 3 4 |  4.0
Unarmed Combat | 4 5 6 8 9 |  9.1
Dodging        | 3 4 5 |  5.4
Armour         | 1 3 4 5 |  5.4
Fighting       | 4 5 |  5.8

Action                     |  1- 3 |  4- 6 |  7- 9 || total
---------------------------+-------+-------+-------++-------
  Melee: Unarmed           |    66 |   156 |   233 ||   455
   Cast: Necrotise         |    12 |    11 |     1 ||    24
    Use: Scroll            |       |       |     9 ||     9
         Potion            |       |       |     3 ||     3
 Armour: Robe              |    39 |    30 |       ||    69
         Leather armour    |       |    60 |   168 ||   228
  Dodge: Dodged            |    33 |    96 |   142 ||   271

Table legend: (Time is in decaauts)
 A = Elapsed time spent in this place.
 B = Non-inter-level travel time spent in this place.
 C = Inter-level travel time spent in this place.
 D = Time resting spent in this place.
 E = Time spent auto-exploring this place.
 F = Levels seen in this place.
 G = Mean time per level.
                   A        B        C        D        E       F      G
               +--------+--------+--------+--------+--------+-----+--------+
         Total |   7206 |   7066 |    140 |      0 |   6037 |   7 | 1029.4 |
       Dungeon |   7206 |   7066 |    140 |      0 |   6037 |   7 | 1029.4 |
               +--------+--------+--------+--------+--------+-----+--------+

Top non-repeatable levels by time:
     D:5: 1393 daAuts
     D:3: 1364 daAuts
     D:6: 1354 daAuts
     D:1: 929 daAuts
     D:2: 852 daAuts
     D:4: 773 daAuts
     D:7: 539 daAuts
